 Dungeon Crawl Stone Soup version 0.31.0-12-g77e489cdc1 (webtiles) character file.

Game seed: 17180961260932729257

1148 Arcwalik the Vexing (level 8, -3/62 HPs)
             Began as a Demonspawn Fighter on Mar 6, 2024.
             Slain by a kobold brigand
             ... wielding a +0 club
              (5 damage)
             ... on level 5 of the Dungeon.
             The game lasted 00:08:15 (4044 turns).

Arcwalik the Vexing (Demonspawn Fighter)            Turns: 4044, Time: 00:08:16

Health: -3/62      AC:  8    Str: 19    XL:     8   Next: 15%
Magic:  11/11      EV: 10    Int: 14    God:
Gold:   235        SH:  4    Dex: 14    Spells: 6/11 levels left

rFire   . . .        a - +8 dagger of Ru, Shimmering {freeze, Str+3 Int+4}
rCold   . . .        c - +0 buckler
rNeg    . . .        d - +3 ring mail {Will+}
rPois   .            (helmet restricted)
rElec   .            (no cloak)
rCorr   .            (no gloves)
SInv    .            (no boots)
Will    ++...        (no amulet)
Stlth   +            W - ring of willpower
HPRegen 0.30/turn    (no ring)
MPRegen 0.12/turn

%: no passive effects
@: slowed, very slow
A: horns 2, sturdy frame 2
a: no special abilities


You were on level 5 of the Dungeon.
You visited 1 branch of the dungeon, and saw 5 of its levels.
You also visited: Sewer.

You collected 235 gold pieces.


Innate Abilities, Weirdness & Mutations

You have a pair of horns on your head.
Your movements are less encumbered by armour. (ER -4)


   Skills:
 - Level 5.0 Fighting
 - Level 2.2 Short Blades
 - Level 2.0 Maces & Flails
 - Level 3.0 Armour
 - Level 2.6 Shields
 - Level 2.0 Spellcasting
 + Level 5.3 Hexes
 + Level 5.3 Summonings


You had 6 spell levels left.
You knew the following spells:

 Your Spells              Type           Power      Damage    Failure   Level
v - Summon Mana Viper     Hex/Summ       16%        N/A       71%         5

Your spell library contained the following spells:

 Spells                   Type           Power      Damage    Failure   Level
 Slow                     Hex            64%        N/A       3%          1
 Confusing Touch          Hex            16%        N/A       11%         3
 Sigil of Binding         Hex            16%        N/A       11%         3
 Vampiric Draining        Necr           1%         2d6       67%         3
 Manifold Assault         Tloc           1%         N/A       97%         4
 Summon Forest            Summ/Tloc      4%         N/A       97%         5
 Summon Cactus Giant      Summ           8%         N/A       99%         6
 Dispersal                Tloc           0%         N/A       100%        6
 Disjunction              Tloc           0%         N/A       100%        8

Inventory:

Hand Weapons
 a - the +8 dagger of Ru, Shimmering (weapon) {freeze, Str+3 Int+4}
   (You found it on level 2 of the Dungeon)

   Str+3:     It affects your strength (+3).
   Int+4:     It affects your intelligence (+4).
 b - the +8 whip "Mityongi" {heavy, rElec rC- rCorr}
   (You found it on level 3 of the Dungeon)

   rC-:       It makes you vulnerable to cold.
   rElec:     It insulates you from electricity.
   rCorr:     It protects you from acid and corrosion.
 g - the +7 short sword "Bilao" {spect, rC+}
   (You found it on level 5 of the Dungeon)

   rC+:       It protects you from cold.
Missiles
 m - a throwing net {=f}
Armour
 c - a +0 buckler (worn)
 d - a +3 ring mail of willpower (worn)
Magical Staves
 j - a staff of fire {!a}
Jewellery
 f - an amulet of the acrobat
 W - a ring of willpower (left hand)
Scrolls
 i - a scroll of blinking
 n - 2 scrolls of teleportation {@r2}
 o - a scroll of immolation {unknown}
 p - a scroll of brand weapon {unknown}
 q - 2 scrolls of fog
 r - a scroll of identify {@r1}
 t - a scroll of noise {unknown}
 w - a scroll of silence {unknown}
Potions
 e - a potion of berserk rage {unknown}
 h - a potion of experience {unknown}
 k - 3 potions of curing {@q1}
 l - 4 potions of heal wounds {@q2}
 s - 2 potions of haste {@q3}
 u - 3 potions of magic
 v - a potion of might
 x - a potion of brilliance {unknown}
 z - a potion of resistance {unknown}

Dungeon Overview and Level Annotations

Branches:
Dungeon (5/15)              Sewer (visited)
 Temple: D:4-7

Altars:

Shops:
D:3 (

Annotations:
D:2 1 runed translucent door, Crazy Yiuf

.....PP..[P..
#.#......P.......
#.#.#..........P.
#.#.#........P..)
................ ######
#.........PPP... ......#
#............).#
......)##.............##
....$KK@'..#.........<#
......KKK.............##
+#......'.##.#.#........
#....$##.##.#....######
#....# #....###..######
##### ##....#.....#....
#####................
#....................
#....................


You could see 3 kobold brigands and 2 kobolds.


Message History

* * * LOW HITPOINT WARNING * * *
You block the kobold brigand's attack. The kobold brigand barely misses you.
You hit the kobold brigand. You freeze the kobold brigand.
The kobold brigand is heavily wounded.
The kobold brigand hits you with a +0 dagger!
* * * LOW HITPOINT WARNING * * *
The kobold brigand closely misses you. You block the kobold's attack.
The kobold brigand hits you with a +0 club.
* * * LOW HITPOINT WARNING * * *
You puncture the kobold brigand! You freeze the kobold brigand.
Your headbutt misses the kobold brigand.
The kobold brigand is almost dead.
The kobold brigand hits you but does no damage.
The kobold brigand hits you with a +0 dagger.
* * * LOW HITPOINT WARNING * * *
The kobold barely misses you.
The kobold brigand hits you but does no damage.
The kobold brigand closely misses you. The kobold hits you but does no damage.
The kobold brigand barely misses you. The kobold brigand closely misses you.
The kobold brigand hits you with a +0 club.
* * * LOW HITPOINT WARNING * * *
The kobold brigand barely misses you.
You hit the kobold brigand. You freeze the kobold brigand.
You kill the kobold brigand!
The kobold brigand hits you with a +0 club!
* * * LOW HITPOINT WARNING * * *
The kobold hits you with a +0 dagger.
* * * LOW HITPOINT WARNING * * *
The kobold brigand hits you with a +0 club.
You die...

Skill      XL: |  1  2  3  4  5  6  7  8 |
---------------+-------------------------+-----
Maces & Flails | 2 |  2.0
Armour         | 3 |  3.0
Fighting       | 4 5 |  5.0
Short Blades   | 1 2 |  2.2
Spellcasting   | 2 |  2.0
Hexes          | 2 3 5 |  5.3
Summonings     | 2 3 4 5 |  5.3
Shields        | |  2.6

Action                     |  1- 3 |  4- 6 |  7- 9 || total
---------------------------+-------+-------+-------++-------
  Melee: Flail             |    80 |       |       ||    80
         Headbutt          |     6 |    16 |    17 ||    39
         Dagger            |    21 |   129 |   108 ||   258
  Throw: Dart              |     1 |     2 |       ||     3
    Use: Potion            |       |     1 |     1 ||     2
         Scroll            |       |       |     7 ||     7
   Stab: Sleeping          |       |       |     1 ||     1
 Armour: Chain mail        |    69 |    36 |       ||   105
         Scale mail        |    12 |       |       ||    12
         Ring mail         |       |    36 |    61 ||    97
  Dodge: Dodged            |    52 |    38 |    47 ||   137
  Block: Buckler           |    24 |    19 |    27 ||    70

Levels and vault maps discovered:
D:1:      shiori_arrival_oz, layout_basic
D:2:      layout_rooms, uniq_crazy_yiuf_cottage
D:3:      layout_basic, serial_shops, nicolae_shop_scrapyard
D:4:      layout_loops_ring, cheibrodos_sewer_entry_sluice,
          cheibrodos_gnoll_hut, uniq_grinder, uniq_blork_the_orc, uniq_edmund
D:5:      cheibrodos_fertilizer, layout_rooms, mainiacjoe_overflow_brackets,
          serial_corexii_hall, chequers_hall_statues_corner_a,
          chequers_hall_statues_y, nicolae_grassy_gnolls

Notes
Turn   | Place    | Note
-------+----------+-------------------------------------------
     0 | D:1      | Arcwalik the Demonspawn Fighter began the quest for the
                  | Orb.
     0 | D:1      | Reached XP level 1. HP: 18/18 MP: 1/1
    38 | D:1      | Reached skill level 2 in Maces & Flails
   256 | D:1      | Reached skill level 3 in Armour
   384 | D:1      | Gained mutation: You have a pair of small horns on your
                  | head. [demonic ancestry]
   384 | D:1      | Reached XP level 2. HP: 16/24 MP: 2/2
   674 | D:2      | Identified the +8 dagger of Ru, Shimmering {freeze, Str+3
                  | Int+4}
   709 | D:2      | Gained mutation: Your movements are slightly less
                  | encumbered by armour. (ER -2) [demonic ancestry]
   709 | D:2      | Reached XP level 3. HP: 30/30 MP: 3/3
   933 | D:2      | Reached skill level 4 in Fighting
   933 | D:2      | Reached skill level 1 in Short Blades
   995 | D:2      | Gained mutation: Your movements are less encumbered by
                  | armour. (ER -4) [demonic ancestry]
   995 | D:2      | Reached XP level 4. HP: 20/37 MP: 4/4
  1219 | D:2      | Reached skill level 2 in Short Blades
  1261 | D:2      | Found a runed translucent door.
  1262 | D:2      | Noticed Crazy Yiuf
  1494 | D:3      | Identified the +8 whip "Mityongi" {heavy, rElec rC- rCorr}
  1680 | D:3      | Reached skill level 1 in Spellcasting
  1820 | D:3      | Found Ywivexih's Weapon Boutique.
  1855 | D:3      | Reached skill level 2 in Spellcasting
  1855 | D:3      | Gained mutation: You have a pair of horns on your head.
                  | [demonic ancestry]
  1855 | D:3      | Reached XP level 5. HP: 42/42 MP: 6/8
  1861 | D:3      | Learned a level 5 spell: Summon Mana Viper
  2316 | D:4      | Noticed Blork the orc
  2329 | D:4      | Killed Blork the orc
  2330 | D:4      | Reached skill level 1 in Hexes
  2330 | D:4      | Reached skill level 1 in Summonings
  2500 | D:4      | Noticed Edmund
  2532 | D:4      | Killed Edmund
  2533 | D:4      | Reached skill level 2 in Hexes
  2533 | D:4      | Reached skill level 2 in Summonings
  2533 | D:4      | Reached XP level 6. HP: 34/49 MP: 9/9
  2667 | D:4      | Reached skill level 5 in Fighting
  2813 | D:4      | Found a glowing drain.
  2840 | Sewer    | Entered a sewer
  2879 | Sewer    | Reached skill level 3 in Hexes
  2879 | Sewer    | Reached skill level 3 in Summonings
  2879 | Sewer    | Reached XP level 7. HP: 48/56 MP: 10/10
  3356 | D:4      | Noticed Grinder
  3370 | D:4      | Killed Grinder
  3371 | D:4      | Reached skill level 4 in Hexes
  3371 | D:4      | Reached skill level 4 in Summonings
  3796 | D:5      | Entered Level 5 of the Dungeon
  3850 | D:4      | Reached skill level 5 in Hexes
  3850 | D:4      | Reached XP level 8. HP: 55/62 MP: 11/11
  3854 | D:4      | Reached skill level 5 in Summonings
  3885 | D:5      | Identified the +7 short sword "Bilao" {spect, rC+}
  4044 | D:5      | HP: 5/62 [kobold brigand/+0 club (8)]
  4044 | D:5      | HP: 2/62 [kobold/+0 dagger (3)]
  4044 | D:5      | Slain by a kobold brigand

Vanquished Creatures
  Grinder (D:4)
  Edmund (D:4)
  An ogre (D:4)
  3 kobold brigands
  Blork the orc (D:4)
  3 hounds
  2 gnoll boudas (D:4)
  An orc priest (D:4)
  An iguana (D:5)
  2 orc wizards
  12 gnolls
  7 adders
  4 ribbon worms
  2 dart slugs (D:3)
  13 orcs
  4 ball pythons
  10 bats
  8 endoplasms
  3 giant cockroaches
  4 goblins
  4 hobgoblins
  2 jackals (D:1)
  18 kobolds
  A quokka (D:4)
  5 frilled lizards
  7 rats
120 creatures vanquished.

Table legend: (Time is in decaauts)
 A = Elapsed time spent in this place.
 B = Non-inter-level travel time spent in this place.
 C = Inter-level travel time spent in this place.
 D = Time resting spent in this place.
 E = Time spent auto-exploring this place.
 F = Levels seen in this place.
 G = Mean time per level.
                   A        B        C        D        E       F      G
               +--------+--------+--------+--------+--------+-----+--------+
         Total |   4080 |   3957 |    123 |    356 |   2722 |   6 |  680.0 |
       Dungeon |   3722 |   3599 |    123 |    356 |   2483 |   5 |  744.4 |
         Sewer |    357 |    357 |      0 |      0 |    238 |   1 |  357.0 |
               +--------+--------+--------+--------+--------+-----+--------+

Top non-repeatable levels by time:
     D:4: 1213 daAuts
     D:2: 909 daAuts
     D:3: 807 daAuts
     D:1: 603 daAuts
   Sewer: 357 daAuts
     D:5: 187 daAuts

Table legend:
 A = Non-vault XP
 B = Vault XP
 C = Vault XP percentage of total XP
 D = Non-vault monster count
 E = Vault monster count
 F = Vault count percentage of total count
                 A         B        C        D         E       F
            +---------+---------+-------+---------+---------+-------
      Total |     605 |    1133 |  65.2 |      80 |      40 |  33.3
            +---------+---------+-------+---------+---------+-------
        D:1 |      17 |       4 |  19.0 |      11 |       2 |  15.4
        D:2 |      99 |       0 |   0.0 |      22 |       0 |   0.0
        D:3 |      90 |       0 |   0.0 |      21 |       0 |   0.0
        D:4 |     263 |     778 |  74.7 |      20 |      14 |  41.2
        D:5 |     136 |      97 |  41.6 |       6 |       1 |  14.3
      Sewer |       0 |     254 | 100.0 |       0 |      23 | 100.0
            +---------+---------+-------+---------+---------+-------
